Punishers vs Crunch

Created - February 23, 2023 at 20:20

Goals
1 2 3 T
Punishers 1 2 0 3
Crunch 0 1 4 5
Shots
1 2 3 T
Punishers 10 9 7 26
Crunch 11 10 13 34

1st period

1. Punishers , John Quenneville 7 (Corey Tropp 33, Niko Mikkola 9) at 18:22

Penalties :
No Penalty

2nd period

2. Punishers , Tanner Jeannot 5 (Ben Betker 9, Louis Domingue) at 10:13
3. Punishers , Oskar Lindblom 15 (Anton Blidh 11) at 16:46
4. Crunch , Jacob Josefson 24 (Anthony Cirelli 27) at 18:10

Penalties :
Teemu Hartikainen (Syr) for Tripping (Minor) at 5:07, Jordan Oesterle (Syr) for Hooking (Minor) at 16:56, Radek Faksa (Pro) for Hooking (Minor) at 17:16

3rd period

5. Crunch , Jacob Josefson 25 (Noah Hanifin 12) at 0:35
6. Crunch , Denis Gurianov 27 (Christoffer Ehn 36, Roland McKeown 24) at 3:14
7. Crunch , Anthony Cirelli 26 (Christoffer Ehn 37, Denis Gurianov 32) at 17:24
8. Crunch , Jordan Oesterle 3 (Denis Gurianov 33, Brandon Hagel 23) at 19:45

Penalties :
Artem Zub (Pro) for High sticking (Minor) at 3:17

Goalie Stats

Louis Domingue (Pro), 29 saves from 34 shots - (0.853), L, 10-18-2, 60:00 minutes
Kaapo Kahkonen (Syr), 23 saves from 26 shots - (0.885), W, 13-14-1, 60:00 minutes

Players Stats for Punishers

Player Name              G  A  P  +/- PIM S  H  SB GA TA FO     MP     PP MP  PK MP  
------------------------------------------------------------------------------------
Anton Blidh              0  1  1   0  0   0  1  0  0  0  0/0     9:31   0:00   0:43 
Artem Zub                0  0  0  -3  2   2  0  1  0  1  0/0    24:33   1:40   0:09 
Austen Brassard          0  0  0   1  0   1  2  1  0  0  0/0     8:03   0:55   0:00 
Ben Betker               0  1  1   1  0   0  0  1  0  4  0/0    20:15   0:12   1:02 
Brayden Pachal           0  0  0   0  0   0  0  0  0  2  0/0    16:47   0:00   0:51 
Carter Ashton            0  0  0  -1  0   5  3  0  1  1  1/2    16:35   0:00   0:23 
Corey Tropp              0  1  1  -2  0   4  1  1  2  0  2/5    23:03   1:24   1:13 
Daniel Audette           0  0  0   0  0   0  0  0  0  0  1/3     7:37   0:00   0:04 
Fredrik Claesson         0  0  0   1  0   0  2  1  1  1  0/0    20:32   0:39   1:19 
John Quenneville         1  0  1   1  0   2  2  0  2  0  3/5    11:10   0:00   0:00 
Kevin Roy                0  0  0  -1  0   0  2  0  0  0  6/11   17:07   0:55   0:00 
Kole Lind                0  0  0   1  0   3  1  0  0  0  3/4    12:24   0:00   0:00 
Nicolas Roy              0  0  0   0  0   0  0  0  0  0  0/0     0:00   0:00   0:00 
Niko Mikkola             0  1  1   1  0   0  0  0  0  1  0/0     8:39   0:27   0:00 
Noah Juulsen             0  0  0  -4  0   2  1  1  0  1  0/0    28:04   1:40   1:17 
Oskar Lindblom           1  0  1  -2  0   3  3  0  1  0  0/2    21:27   1:24   0:55 
Phillip Danault          0  0  0  -1  0   2  2  0  0  1  1/1    16:35   0:00   0:23 
Radek Faksa              0  0  0  -2  2   1  2  1  0  4  18/34  21:33   1:23   0:57 
Tanner Jeannot           1  0  1   1  0   1  3  0  0  0  0/2    12:05   0:55   0:00 

Players Stats for Crunch

Player Name              G  A  P  +/- PIM S  H  SB GA TA FO     MP     PP MP  PK MP  
------------------------------------------------------------------------------------
Anatoli Golyshev         0  0  0  -1  0   1  2  0  0  0  0/0     8:16   0:08   0:00 
Anthony Cirelli          1  1  2   3  0   4  0  0  0  1  1/1    21:47   1:19   1:10 
Axel Holmstrom           0  0  0  -1  0   1  2  0  1  1  3/7    10:06   0:08   0:32 
Brandon Hagel            0  1  1   0  0   3  2  0  3  0  0/1    12:33   0:52   0:54 
Brendan Guhle            0  0  0   1  0   2  1  0  0  1  0/0    23:27   1:21   1:32 
Christoffer Ehn          0  2  2   3  0   4  1  0  2  1  20/38  23:23   1:10   1:42 
Connor Bunnaman          0  0  0  -1  0   0  0  0  0  0  3/4     8:08   0:00   0:00 
Denis Gurianov           1  2  3   3  0   4  0  1  4  0  0/1    20:30   1:14   0:00 
Jacob Josefson           2  0  2   1  0   5  0  0  0  0  5/12   18:01   1:01   0:00 
Jeremy Bracco            0  0  0  -1  0   1  1  1  1  0  0/0     9:34   0:04   0:00 
Jeremy Lauzon            0  0  0   0  0   1  0  1  1  0  0/0    12:38   0:00   0:00 
Joel Vermin              0  0  0   0  0   0  1  0  0  1  2/4    16:32   0:00   0:00 
Jordan Oesterle          1  0  1   2  2   1  2  0  1  1  0/0    20:50   1:07   0:47 
Michael Downing          0  0  0  -2  0   0  0  0  0  0  0/0     3:41   0:00   0:00 
Noah Hanifin             0  1  1   3  0   1  1  1  0  0  0/0    21:06   0:58   0:47 
Rem Pitlick              0  0  0  -1  0   1  0  0  0  0  0/1     8:08   0:00   0:00 
Roland McKeown           0  1  1  -1  0   2  1  2  1  1  0/0    26:38   1:21   1:32 
Sean Walker              0  0  0   1  0   0  0  1  0  0  0/0    11:47   0:00   0:00 
Teemu Hartikainen        0  0  0   0  2   3  3  1  2  0  0/0    18:54   0:52   0:20 

3 Stars

1 - Denis Gurianov (Syr)
2 - Anthony Cirelli (Syr)
3 - Jacob Josefson (Syr)

Power Play

Punishers - 0 on 3 Attempt(s) - 0.00%
Crunch - 0 on 2 Attempt(s) - 0.00%

Penalty Kill

Punishers - 2 on 2 Attempt(s) - 100.00% - Score 0 goal in Penalty Kill
Crunch - 3 on 3 Attempt(s) - 100.00% - Score 0 goal in Penalty Kill

Team Stat

Punishers - Hits : 25 - Faceoff Wins : 35 - Blocked Shots : 7 - Penalty Minutes : 4
Crunch - Hits : 17 - Faceoff Wins : 34 - Blocked Shots : 8 - Penalty Minutes : 4

Official

Referees : Trevor Hanson and Jean Hebert
Linesman : Derek Nansen and Brian Mach

Game Notes

Niko Mikkola is injured at 6:11 of 2nd period (Bruised Right Shoulder)
14:40 of 2nd period - Penalty Shot by Anthony Cirelli for Crunch - Stopped by Louis Domingue

Finance

Level 1 -- Attendance: 1772 (88.60%) -- Ticket Income $62,020
Level 2 -- Attendance: 951 (95.10%) -- Ticket Income $14,265
Total Attendance: 2723 (90.77%)
Total Ticket Income: $76,285
Other Income: $3,814
Total Income: $80,099

Punishers

5 vs 5 Forward 
   Center                   Left Wing                Right Wing               Time % Phy DF OF 
 1 Radek Faksa              Oskar Lindblom           Corey Tropp              40     0   2  3  
 2 Kevin Roy                Phillip Danault          Carter Ashton            30     0   2  3  
 3 John Quenneville         Tanner Jeannot           Kole Lind                20     1   2  2  
 4 Daniel Audette           Anton Blidh              Austen Brassard          10     1   2  2  

5 vs 5 Defense 
   Defense                  Defense                                           Time % Phy DF OF 
 1 Artem Zub                Noah Juulsen                                      40     0   2  3  
 2 Fredrik Claesson         Niko Mikkola                                      30     1   2  2  
 3 Brayden Pachal           Ben Betker                                        20     1   2  2  
 4 Artem Zub                Noah Juulsen                                      10     1   2  2  

PowerPlay Forward 
   Center                   Left Wing                Right Wing               Time % Phy DF OF 
 1 Radek Faksa              Oskar Lindblom           Corey Tropp              60     0   1  4  
 2 Kevin Roy                Tanner Jeannot           Austen Brassard          40     0   1  4  

PowerPlay Defense
   Defense                  Defense                                           Time % Phy DF OF 
 1 Artem Zub                Noah Juulsen                                      60     0   2  3  
 2 Fredrik Claesson         Niko Mikkola                                      40     0   2  3  

Penalty Kill 4 Players Forward 
   Center                   Wing                     Time % Phy DF OF 
 1 Radek Faksa              Corey Tropp              60     1   2  2  
 2 Carter Ashton            Phillip Danault          40     1   2  2  

Penalty Kill 4 Players Defense
   Defense                  Defense                  Time % Phy DF OF 
 1 Artem Zub                Noah Juulsen             60     1   3  1  
 2 Fredrik Claesson         Ben Betker               40     1   3  1  

Penalty Kill - 3 Players Forward 
   Forward                                           Time % Phy DF OF 
 1 Corey Tropp                                       60     0   4  1  
 2 Radek Faksa                                       40     0   4  1  

Penalty Kill - 3 Players Defense
   Defense                  Defense                  Time % Phy DF OF 
 1 Artem Zub                Noah Juulsen             60     0   4  1  
 2 Fredrik Claesson         Ben Betker               40     0   4  1  

4 vs 4 Forward 
   Center                   Wing                     Time % Phy DF OF 
 1 Radek Faksa              Corey Tropp              60     1   2  2  
 2 Kevin Roy                Oskar Lindblom           40     1   2  2  

4 vs 4 Defense
   Defense                  Defense                  Time % Phy DF OF 
 1 Artem Zub                Noah Juulsen             60     1   2  2  
 2 Fredrik Claesson         Ben Betker               40     1   2  2  

Last Minutes Offensive
   Center                   Left Wing                Right Wing               Defense                  Defense                  
   Radek Faksa              Oskar Lindblom           Corey Tropp              Artem Zub                Noah Juulsen             

Last Minutes Defensive
   Center                   Left Wing                Right Wing               Defense                  Defense                  
   Radek Faksa              Phillip Danault          Corey Tropp              Artem Zub                Noah Juulsen             

Goaltenders
Starting : Louis Domingue           
Backup : Daniel Altshuller        

Extra Forwards
Normal : Kole Lind, Radek Faksa, Corey Tropp - PP : Kole Lind, Oskar Lindblom - PK : Oskar Lindblom
Extra Defensemen
Normal : Fredrik Claesson, Noah Juulsen, Niko Mikkola - PP : Fredrik Claesson - PK : Fredrik Claesson, Niko Mikkola
Penalty Shots
Corey Tropp, Radek Faksa, Carter Ashton, Phillip Danault, Anton Blidh

Scratches
Connor Clifton (Back Injury), Ben Meyers (Healthy), John Hayden (Healthy), Alexander Nylander (Healthy), Beck Malenstyn (Healthy)
Carson Meyer (Healthy)

Crunch

5 vs 5 Forward 
   Center                   Left Wing                Right Wing               Time % Phy DF OF 
 1 Christoffer Ehn          Anthony Cirelli          Denis Gurianov           40     1   2  2  
 2 Jacob Josefson           Teemu Hartikainen        Joel Vermin              30     1   2  2  
 3 Axel Holmstrom           Brandon Hagel            Jeremy Bracco            20     1   2  2  
 4 Connor Bunnaman          Anatoli Golyshev         Rem Pitlick              10     1   2  2  

5 vs 5 Defense 
   Defense                  Defense                                           Time % Phy DF OF 
 1 Roland McKeown           Brendan Guhle                                     40     1   2  2  
 2 Noah Hanifin             Jordan Oesterle                                   30     1   2  2  
 3 Jeremy Lauzon            Sean Walker                                       20     1   2  2  
 4 Michael Downing          Roland McKeown                                    10     1   2  2  

PowerPlay Forward 
   Center                   Left Wing                Right Wing               Time % Phy DF OF 
 1 Christoffer Ehn          Anthony Cirelli          Denis Gurianov           60     1   2  2  
 2 Jacob Josefson           Teemu Hartikainen        Brandon Hagel            40     1   2  2  

PowerPlay Defense
   Defense                  Defense                                           Time % Phy DF OF 
 1 Roland McKeown           Brendan Guhle                                     60     1   2  2  
 2 Noah Hanifin             Jordan Oesterle                                   40     1   2  2  

Penalty Kill 4 Players Forward 
   Center                   Wing                     Time % Phy DF OF 
 1 Christoffer Ehn          Teemu Hartikainen        60     1   2  2  
 2 Jacob Josefson           Anthony Cirelli          40     1   2  2  

Penalty Kill 4 Players Defense
   Defense                  Defense                  Time % Phy DF OF 
 1 Roland McKeown           Brendan Guhle            60     1   2  2  
 2 Noah Hanifin             Jordan Oesterle          40     1   2  2  

Penalty Kill - 3 Players Forward 
   Forward                                           Time % Phy DF OF 
 1 Christoffer Ehn                                   60     1   2  2  
 2 Jacob Josefson                                    40     1   2  2  

Penalty Kill - 3 Players Defense
   Defense                  Defense                  Time % Phy DF OF 
 1 Roland McKeown           Brendan Guhle            60     1   2  2  
 2 Noah Hanifin             Jordan Oesterle          40     1   2  2  

4 vs 4 Forward 
   Center                   Wing                     Time % Phy DF OF 
 1 Christoffer Ehn          Teemu Hartikainen        60     1   2  2  
 2 Jacob Josefson           Anthony Cirelli          40     1   2  2  

4 vs 4 Defense
   Defense                  Defense                  Time % Phy DF OF 
 1 Roland McKeown           Brendan Guhle            60     1   2  2  
 2 Noah Hanifin             Jordan Oesterle          40     1   2  2  

Last Minutes Offensive
   Center                   Left Wing                Right Wing               Defense                  Defense                  
   Christoffer Ehn          Teemu Hartikainen        Denis Gurianov           Roland McKeown           Brendan Guhle            

Last Minutes Defensive
   Center                   Left Wing                Right Wing               Defense                  Defense                  
   Christoffer Ehn          Teemu Hartikainen        Denis Gurianov           Roland McKeown           Brendan Guhle            

Goaltenders
Starting : Kaapo Kahkonen           
Backup : Jordan Binnington        

Extra Forwards
Normal : Brandon Hagel, Jacob Josefson, Joel Vermin - PP : Brandon Hagel, Jacob Josefson - PK : Brandon Hagel
Extra Defensemen
Normal : Jeremy Lauzon, Sean Walker, Michael Downing - PP : Jeremy Lauzon - PK : Jeremy Lauzon, Sean Walker
Penalty Shots
Teemu Hartikainen, Anthony Cirelli, Denis Gurianov, Christoffer Ehn, Brandon Hagel

Scratches
Blake Lizotte (Healthy), Charles-Olivier Roussel (Healthy), Max McCormick (Healthy), Michael Ferland (Healthy), Nikita Gusev (Healthy)
Blake Hillman (Healthy), Josef Korenar (Healthy)

% Time on Ice - Punishers

Lines # - Real PCT - Wanted PCT - Time Play
Normal Forward
1 - 35% - 40% - 18:27
2 - 31% - 30% - 16:12
3 - 21% - 20% - 11:10
4 - 13% - 10% - 6:54
Normal Defense
1 - 35% - 40% - 18:40
2 - 36% - 30% - 18:51
3 - 25% - 20% - 13:15
4 - 4% - 10% - 1:57
PP Forward
1 - 60% - 60% - 1:24
2 - 40% - 40% - 0:55
PP Defense
1 - 72% - 60% - 1:40
2 - 28% - 40% - 0:39
PK Forward
1 - 83% - 60% - 1:56
2 - 17% - 40% - 0:23
PK Defense
1 - 92% - 60% - 2:08
2 - 8% - 40% - 0:11
PK3 Forward
1 - 0% - 60%
2 - 0% - 40%
PK3 Defense
1 - 0% - 60%
2 - 0% - 40%
44 Forward
1 - 100% - 60% - 1:39
2 - 0% - 40% - 0:00
44 Defense
1 - 74% - 60% - 1:13
2 - 26% - 40% - 0:26
Last Minute Offensive  - 1:00
Last Minute Defensive  - 0:00
Total
Forward - 60:00
Defense - 60:00

% Time on Ice - Crunch

Lines # - Real PCT - Wanted PCT - Time Play
Normal Forward
1 - 36% - 40% - 18:50
2 - 31% - 30% - 16:18
3 - 18% - 20% - 9:26
4 - 15% - 10% - 8:08
Normal Defense
1 - 37% - 40% - 19:18
2 - 34% - 30% - 17:57
3 - 22% - 20% - 11:46
4 - 7% - 10% - 3:41
PP Forward
1 - 56% - 60% - 1:18
2 - 44% - 40% - 1:01
PP Defense
1 - 58% - 60% - 1:21
2 - 42% - 40% - 0:58
PK Forward
1 - 100% - 60% - 2:19
2 - 0% - 40% - 0:00
PK Defense
1 - 66% - 60% - 1:32
2 - 34% - 40% - 0:47
PK3 Forward
1 - 0% - 60%
2 - 0% - 40%
PK3 Defense
1 - 0% - 60%
2 - 0% - 40%
44 Forward
1 - 72% - 60% - 1:11
2 - 28% - 40% - 0:28
44 Defense
1 - 77% - 60% - 1:16
2 - 23% - 40% - 0:23
Last Minute Offensive  - 0:00
Last Minute Defensive  - 1:01
Total
Forward - 60:00
Defense - 60:00

Play-by-Play

1st period


0:01 of 1st period - Christoffer Ehn wins face-off versus Radek Faksa in neutral zone.
0:16 of 1st period - Wrist shot by Denis Gurianov.
0:16 of 1st period - Deflect By Anthony Cirelli.
0:16 of 1st period - Shot Blocked by Corey Tropp.
0:16 of 1st period - Puck is out of play.
0:17 of 1st period - Carter Ashton wins face-off versus Jacob Josefson in Punishers zone.
0:17 of 1st period - Carter Ashton is hit by Teemu Hartikainen.
2:13 of 1st period - Brandon Hagel is hit by Oskar Lindblom and loses puck.
2:20 of 1st period - Corey Tropp is hit by Axel Holmstrom and loses puck.
2:31 of 1st period - Anthony Cirelli is hit by Tanner Jeannot and loses puck.
3:19 of 1st period - Off-side.
3:20 of 1st period - Connor Bunnaman wins face-off versus Daniel Audette in neutral zone.
3:25 of 1st period - Anton Blidh is hit by Anatoli Golyshev and loses puck.
3:32 of 1st period - Slapshot by Fredrik Claesson.
3:32 of 1st period - Shot Misses the Net.
3:34 of 1st period - Wrist shot by Daniel Audette.
3:34 of 1st period - Shot Misses the Net.
3:36 of 1st period - Snap shot by Daniel Audette.
3:36 of 1st period - Shot Misses the Net.
4:21 of 1st period - Phillip Danault is hit by Joel Vermin and loses puck.
4:32 of 1st period - Ben Betker is hit by Axel Holmstrom and loses puck.
4:37 of 1st period - Wrist shot by Brandon Hagel.
4:37 of 1st period - Shot Misses the Net.
4:39 of 1st period - Wrist shot by Brendan Guhle.
4:39 of 1st period - Deflect By Ben Betker.
4:39 of 1st period - Stopped by Louis Domingue without a rebound.
4:40 of 1st period - Christoffer Ehn wins face-off versus Radek Faksa in Punishers zone.
4:55 of 1st period - Slapshot by Denis Gurianov.
4:55 of 1st period - Shot Misses the Net.
4:57 of 1st period - Snap shot by Christoffer Ehn.
4:57 of 1st period - Stopped by Louis Domingue without a rebound.
4:58 of 1st period - Axel Holmstrom wins face-off versus Kevin Roy in Punishers zone.
5:12 of 1st period - Icing by Artem Zub.
5:13 of 1st period - Christoffer Ehn wins face-off versus Kevin Roy in Punishers zone.
5:20 of 1st period - Slapshot by Anthony Cirelli.
5:20 of 1st period - Deflect By Denis Gurianov.
5:20 of 1st period - Shot Misses the Net.
5:20 of 1st period - Puck is out of play.
5:21 of 1st period - Christoffer Ehn wins face-off versus Radek Faksa in Punishers zone.
5:46 of 1st period - Roland McKeown is hit by Tanner Jeannot and loses puck.
6:04 of 1st period - Off-side.
6:05 of 1st period - Daniel Audette wins face-off versus Axel Holmstrom in neutral zone.
6:10 of 1st period - Wrist shot by Austen Brassard.
6:10 of 1st period - Stopped by Kaapo Kahkonen with a rebound.
6:18 of 1st period - Icing by Daniel Audette.
6:19 of 1st period - Christoffer Ehn wins face-off versus Daniel Audette in Punishers zone.
6:28 of 1st period - Wrist shot by Denis Gurianov.
6:28 of 1st period - Stopped by Louis Domingue without a rebound.
6:29 of 1st period - Christoffer Ehn wins face-off versus Oskar Lindblom in Punishers zone.
6:30 of 1st period - Wrist shot by Denis Gurianov.
6:30 of 1st period - Stopped by Louis Domingue with a rebound.
6:32 of 1st period - Snap shot by Christoffer Ehn.
6:32 of 1st period - Stopped by Louis Domingue with a rebound.
6:54 of 1st period - Slapshot by Christoffer Ehn.
6:54 of 1st period - Stopped by Louis Domingue with a rebound.
6:56 of 1st period - Slapshot by Jordan Oesterle.
6:56 of 1st period - Shot Misses the Net.
6:58 of 1st period - Slapshot by Jordan Oesterle.
6:58 of 1st period - Shot Misses the Net.
7:00 of 1st period - Slapshot by Christoffer Ehn.
7:00 of 1st period - Shot Blocked by Radek Faksa.
7:19 of 1st period - Off-side.
7:20 of 1st period - Phillip Danault wins face-off versus Jacob Josefson in neutral zone.
7:45 of 1st period - Kevin Roy is hit by Anatoli Golyshev and loses puck.
8:19 of 1st period - Snap shot by John Quenneville.
8:19 of 1st period - Stopped by Kaapo Kahkonen without a rebound.
8:20 of 1st period - Radek Faksa wins face-off versus Joel Vermin in Crunch zone.
8:36 of 1st period - Slapshot by Radek Faksa.
8:36 of 1st period - Stopped by Kaapo Kahkonen with a rebound.
8:46 of 1st period - Sean Walker is hit by Noah Juulsen and loses puck.
8:53 of 1st period - Noah Juulsen is hit by Roland McKeown and loses puck.
9:02 of 1st period - Wrist shot by Jacob Josefson.
9:02 of 1st period - Stopped by Louis Domingue without a rebound.
9:03 of 1st period - Radek Faksa wins face-off versus Christoffer Ehn in Punishers zone.
9:12 of 1st period - Snap shot by Corey Tropp.
9:12 of 1st period - Stopped by Kaapo Kahkonen with a rebound.
9:42 of 1st period - Snap shot by Phillip Danault.
9:42 of 1st period - Shot Misses the Net.
9:52 of 1st period - Brendan Guhle is hit by Fredrik Claesson and loses puck.
10:17 of 1st period - Joel Vermin is hit by Radek Faksa and loses puck.
10:59 of 1st period - Icing by Kevin Roy.
11:00 of 1st period - Joel Vermin wins face-off versus Kevin Roy in Punishers zone.
11:54 of 1st period - Snap shot by Rem Pitlick.
11:54 of 1st period - Stopped by Louis Domingue without a rebound.
11:55 of 1st period - Connor Bunnaman wins face-off versus Corey Tropp in Punishers zone.
12:06 of 1st period - Icing by Brendan Guhle.
12:07 of 1st period - Radek Faksa wins face-off versus Connor Bunnaman in Crunch zone.
12:10 of 1st period - Snap shot by Corey Tropp.
12:10 of 1st period - Shot Misses the Net.
12:40 of 1st period - Snap shot by Kole Lind.
12:40 of 1st period - Stopped by Kaapo Kahkonen with a rebound.
15:06 of 1st period - Snap shot by Teemu Hartikainen.
15:06 of 1st period - Stopped by Louis Domingue with a rebound.
15:15 of 1st period - Icing by Sean Walker.
15:16 of 1st period - Jacob Josefson wins face-off versus John Quenneville in Crunch zone.
15:23 of 1st period - Snap shot by Anthony Cirelli.
15:23 of 1st period - Stopped by Louis Domingue with a rebound.
15:51 of 1st period - Backhand shot by Brandon Hagel.
15:51 of 1st period - Stopped by Louis Domingue with a rebound.
16:08 of 1st period - Slapshot by Carter Ashton.
16:08 of 1st period - Stopped by Kaapo Kahkonen with a rebound.
16:10 of 1st period - Wrist shot by Kevin Roy.
16:10 of 1st period - Shot Misses the Net.
16:12 of 1st period - Wrist shot by Carter Ashton.
16:12 of 1st period - Shot Misses the Net.
16:44 of 1st period - Slapshot by Kole Lind.
16:44 of 1st period - Stopped by Kaapo Kahkonen with a rebound.
18:22 of 1st period - Snap shot by John Quenneville.
18:22 of 1st period - Goal by John Quenneville - Punishers : 1 - Crunch : 0.
18:23 of 1st period - Corey Tropp wins face-off versus Christoffer Ehn in neutral zone.
18:58 of 1st period - Wrist shot by Phillip Danault.
18:58 of 1st period - Shot Misses the Net.
19:00 of 1st period - Slapshot by Carter Ashton.
19:00 of 1st period - Stopped by Kaapo Kahkonen without a rebound.
19:01 of 1st period - Christoffer Ehn wins face-off versus Radek Faksa in Crunch zone.
19:01 of 1st period - Christoffer Ehn is hit by Corey Tropp.
19:09 of 1st period - Snap shot by Anthony Cirelli.
19:09 of 1st period - Shot Misses the Net.
19:26 of 1st period - Jacob Josefson is hit by Kole Lind.
19:38 of 1st period - Snap shot by Kole Lind.
19:38 of 1st period - Stopped by Kaapo Kahkonen without a rebound.
19:39 of 1st period - Christoffer Ehn wins face-off versus Carter Ashton in Crunch zone.
19:39 of 1st period - Christoffer Ehn is hit by Phillip Danault.
19:46 of 1st period - Icing by Artem Zub.
19:47 of 1st period - Kevin Roy wins face-off versus Christoffer Ehn in Punishers zone.
19:54 of 1st period - Christoffer Ehn is hit by Carter Ashton and loses puck.
Goals for this period are 1 for Punishers vs 0 for Crunch.
Shots for this period are 10 for Punishers vs 11 for Crunch.

2nd period


0:01 of 2nd period - Radek Faksa wins face-off versus Christoffer Ehn in neutral zone.
0:45 of 2nd period - Wrist shot by Brandon Hagel.
0:45 of 2nd period - Stopped by Louis Domingue without a rebound.
0:46 of 2nd period - Kevin Roy wins face-off versus Brandon Hagel in Punishers zone.
2:16 of 2nd period - Corey Tropp is hit by Jordan Oesterle and loses puck.
2:23 of 2nd period - Wrist shot by Axel Holmstrom.
2:23 of 2nd period - Shot Misses the Net.
3:03 of 2nd period - Slapshot by Jacob Josefson.
3:03 of 2nd period - Shot Misses the Net.
3:05 of 2nd period - Slapshot by Jeremy Lauzon.
3:05 of 2nd period - Stopped by Louis Domingue with a rebound.
3:07 of 2nd period - Slapshot by Teemu Hartikainen.
3:07 of 2nd period - Shot Blocked by Austen Brassard.
3:41 of 2nd period - Connor Bunnaman is hit by Fredrik Claesson and loses puck.
4:03 of 2nd period - Icing by Christoffer Ehn.
4:04 of 2nd period - John Quenneville wins face-off versus Christoffer Ehn in Crunch zone.
4:30 of 2nd period - Backhand shot by Noah Hanifin.
4:30 of 2nd period - Shot Blocked by Artem Zub.
4:32 of 2nd period - Snap shot by Jordan Oesterle.
4:32 of 2nd period - Deflect By Teemu Hartikainen.
4:32 of 2nd period - Shot Misses the Net.
4:32 of 2nd period - Puck is out of play.
4:33 of 2nd period - Joel Vermin wins face-off versus Radek Faksa in Punishers zone.
4:34 of 2nd period - Wrist shot by Teemu Hartikainen.
4:34 of 2nd period - Shot Blocked by Ben Betker.
5:07 of 2nd period - Minor Penalty to Teemu Hartikainen for Tripping.
5:08 of 2nd period - Christoffer Ehn wins face-off versus Tanner Jeannot in Crunch zone.
5:08 of 2nd period - Christoffer Ehn is hit by Austen Brassard.
5:44 of 2nd period - Off-side.
5:45 of 2nd period - Axel Holmstrom wins face-off versus Radek Faksa in neutral zone.
5:56 of 2nd period - Slapshot by Axel Holmstrom.
5:56 of 2nd period - Stopped by Louis Domingue with a rebound.
6:10 of 2nd period - Niko Mikkola is hit by Brandon Hagel and loses puck.
6:11 of 2nd period - Niko Mikkola from Punishers is injured at 6:11 of 2nd period (Bruised Right Shoulder).
6:12 of 2nd period - Christoffer Ehn wins face-off versus Radek Faksa in Punishers zone.
7:07 of 2nd period - Penalty to Teemu Hartikainen is over, Teemu Hartikainen is back on ice.
7:44 of 2nd period - Noah Hanifin is hit by Austen Brassard.
7:50 of 2nd period - Snap shot by Teemu Hartikainen.
7:50 of 2nd period - Stopped by Louis Domingue without a rebound.
7:51 of 2nd period - Corey Tropp wins face-off versus Rem Pitlick in Punishers zone.
9:07 of 2nd period - Off-side.
9:08 of 2nd period - Radek Faksa wins face-off versus Christoffer Ehn in neutral zone.
9:11 of 2nd period - Denis Gurianov is hit by Radek Faksa and loses puck.
9:18 of 2nd period - Slapshot by Oskar Lindblom.
9:18 of 2nd period - Stopped by Kaapo Kahkonen with a rebound.
9:20 of 2nd period - Snap shot by Radek Faksa.
9:20 of 2nd period - Shot Misses the Net.
9:22 of 2nd period - Snap shot by Radek Faksa.
9:22 of 2nd period - Shot Misses the Net.
9:24 of 2nd period - Wrist shot by Oskar Lindblom.
9:24 of 2nd period - Shot Misses the Net.
9:36 of 2nd period - Snap shot by Carter Ashton.
9:36 of 2nd period - Shot Misses the Net.
9:44 of 2nd period - Slapshot by Teemu Hartikainen.
9:44 of 2nd period - Stopped by Louis Domingue with a rebound.
10:13 of 2nd period - Slapshot by Tanner Jeannot.
10:13 of 2nd period - Goal by Tanner Jeannot - Punishers : 2 - Crunch : 0.
10:14 of 2nd period - Radek Faksa wins face-off versus Christoffer Ehn in neutral zone.
10:42 of 2nd period - Off-side.
10:43 of 2nd period - Jacob Josefson wins face-off versus John Quenneville in neutral zone.
10:52 of 2nd period - Wrist shot by Jacob Josefson.
10:52 of 2nd period - Stopped by Louis Domingue with a rebound.
11:08 of 2nd period - Noah Juulsen is hit by Noah Hanifin.
12:23 of 2nd period - Teemu Hartikainen is hit by John Quenneville and loses puck.
12:34 of 2nd period - Snap shot by Radek Faksa.
12:34 of 2nd period - Shot Blocked by Jeremy Lauzon.
12:36 of 2nd period - Snap shot by Corey Tropp.
12:36 of 2nd period - Stopped by Kaapo Kahkonen with a rebound.
13:30 of 2nd period - Icing by Roland McKeown.
13:31 of 2nd period - Connor Bunnaman wins face-off versus Tanner Jeannot in Crunch zone.
13:45 of 2nd period - Roland McKeown is hit by Tanner Jeannot and loses puck.
14:38 of 2nd period - Slapshot by Radek Faksa.
14:38 of 2nd period - Shot Misses the Net.
14:40 of 2nd period - Penalty Shot by Anthony Cirelli for Crunch.
14:40 of 2nd period - Deke by Anthony Cirelli.
14:40 of 2nd period - Stopped by Louis Domingue.
14:41 of 2nd period - Kevin Roy wins face-off versus Jacob Josefson in Crunch zone.
14:46 of 2nd period - Snap shot by Carter Ashton.
14:46 of 2nd period - Stopped by Kaapo Kahkonen without a rebound.
14:47 of 2nd period - Jacob Josefson wins face-off versus Kevin Roy in Crunch zone.
14:54 of 2nd period - Snap shot by Roland McKeown.
14:54 of 2nd period - Stopped by Louis Domingue without a rebound.
14:55 of 2nd period - Kevin Roy wins face-off versus Christoffer Ehn in Punishers zone.
15:04 of 2nd period - Snap shot by Carter Ashton.
15:04 of 2nd period - Shot Misses the Net.
15:06 of 2nd period - Snap shot by Carter Ashton.
15:06 of 2nd period - Shot Blocked by Roland McKeown.
15:10 of 2nd period - Wrist shot by Carter Ashton.
15:10 of 2nd period - Stopped by Kaapo Kahkonen without a rebound.
15:11 of 2nd period - Radek Faksa wins face-off versus Jacob Josefson in Crunch zone.
15:41 of 2nd period - Brendan Guhle is hit by Kevin Roy and loses puck.
15:48 of 2nd period - Snap shot by Phillip Danault.
15:48 of 2nd period - Shot Misses the Net.
15:50 of 2nd period - Snap shot by Phillip Danault.
15:50 of 2nd period - Shot Misses the Net.
16:14 of 2nd period - Tanner Jeannot is hit by Jeremy Bracco and loses puck.
16:25 of 2nd period - Jordan Oesterle is hit by Anton Blidh and loses puck.
16:46 of 2nd period - Snap shot by Oskar Lindblom.
16:46 of 2nd period - Goal by Oskar Lindblom - Punishers : 3 - Crunch : 0.
16:47 of 2nd period - Radek Faksa wins face-off versus Christoffer Ehn in neutral zone.
16:49 of 2nd period - Off-side.
16:50 of 2nd period - Radek Faksa wins face-off versus Christoffer Ehn in neutral zone.
16:56 of 2nd period - Minor Penalty to Jordan Oesterle for Hooking.
16:57 of 2nd period - Christoffer Ehn wins face-off versus Radek Faksa in Crunch zone.
17:05 of 2nd period - Oskar Lindblom is hit by Teemu Hartikainen and loses puck.
17:16 of 2nd period - Minor Penalty to Radek Faksa for Hooking.
17:17 of 2nd period - Christoffer Ehn wins face-off versus Kole Lind in Punishers zone.
18:08 of 2nd period - Snap shot by Jacob Josefson.
18:08 of 2nd period - Stopped by Louis Domingue with a rebound.
18:10 of 2nd period - Snap shot by Jacob Josefson.
18:10 of 2nd period - Goal by Jacob Josefson - Punishers : 3 - Crunch : 1.
18:11 of 2nd period - Kole Lind wins face-off versus Christoffer Ehn in neutral zone.
18:54 of 2nd period - Slapshot by Artem Zub.
18:54 of 2nd period - Stopped by Kaapo Kahkonen with a rebound.
18:56 of 2nd period - Penalty to Jordan Oesterle is over, Jordan Oesterle is back on ice.
19:02 of 2nd period - Wrist shot by Jacob Josefson.
19:02 of 2nd period - Shot Misses the Net.
19:04 of 2nd period - Slapshot by Brendan Guhle.
19:04 of 2nd period - Deflect By Anthony Cirelli.
19:04 of 2nd period - Stopped by Louis Domingue without a rebound.
19:05 of 2nd period - Christoffer Ehn wins face-off versus Corey Tropp in Punishers zone.
19:16 of 2nd period - Penalty to Radek Faksa is over, Radek Faksa is back on ice.
19:30 of 2nd period - Slapshot by Ben Betker.
19:30 of 2nd period - Shot Blocked by Jeremy Bracco.
19:32 of 2nd period - Wrist shot by Phillip Danault.
19:32 of 2nd period - Deflect By Brandon Hagel.
19:32 of 2nd period - Shot Hit the Post.
19:32 of 2nd period - Puck is out of play.
19:33 of 2nd period - Kevin Roy wins face-off versus Jacob Josefson in Crunch zone.
19:36 of 2nd period - Wrist shot by Kevin Roy.
19:36 of 2nd period - Shot Blocked by Sean Walker.
19:42 of 2nd period - Snap shot by Phillip Danault.
19:42 of 2nd period - Shot Misses the Net.
19:44 of 2nd period - Wrist shot by Phillip Danault.
19:44 of 2nd period - Stopped by Kaapo Kahkonen with a rebound.
19:46 of 2nd period - Slapshot by Phillip Danault.
19:46 of 2nd period - Stopped by Kaapo Kahkonen without a rebound.
19:47 of 2nd period - Christoffer Ehn wins face-off versus Corey Tropp in Crunch zone.
19:52 of 2nd period - Corey Tropp is hit by Christoffer Ehn and loses puck.
Goals for this period are 2 for Punishers vs 1 for Crunch.
Shots for this period are 9 for Punishers vs 10 for Crunch.

3rd period


0:01 of 3rd period - Christoffer Ehn wins face-off versus Oskar Lindblom in neutral zone.
0:29 of 3rd period - Off-side.
0:30 of 3rd period - Jacob Josefson wins face-off versus Kevin Roy in neutral zone.
0:35 of 3rd period - Wrist shot by Jacob Josefson.
0:35 of 3rd period - Goal by Jacob Josefson - Punishers : 3 - Crunch : 2.
0:36 of 3rd period - Christoffer Ehn wins face-off versus Radek Faksa in neutral zone.
2:46 of 3rd period - Off-side.
2:47 of 3rd period - John Quenneville wins face-off versus Jacob Josefson in neutral zone.
2:58 of 3rd period - Snap shot by Kole Lind.
2:58 of 3rd period - Deflect By John Quenneville.
2:58 of 3rd period - Shot Hit the Post.
2:58 of 3rd period - Puck is out of play.
2:59 of 3rd period - Radek Faksa wins face-off versus Christoffer Ehn in Crunch zone.
3:14 of 3rd period - Wrist shot by Denis Gurianov.
3:14 of 3rd period - Goal by Denis Gurianov - Punishers : 3 - Crunch : 3.
3:15 of 3rd period - Christoffer Ehn wins face-off versus Radek Faksa in neutral zone.
3:17 of 3rd period - Minor Penalty to Artem Zub for High sticking.
3:18 of 3rd period - Radek Faksa wins face-off versus Denis Gurianov in Punishers zone.
3:30 of 3rd period - Wrist shot by Christoffer Ehn.
3:30 of 3rd period - Stopped by Louis Domingue with a rebound.
4:04 of 3rd period - Snap shot by Teemu Hartikainen.
4:04 of 3rd period - Shot Blocked by Noah Juulsen.
4:06 of 3rd period - Snap shot by Teemu Hartikainen.
4:06 of 3rd period - Shot Misses the Net.
4:47 of 3rd period - Teemu Hartikainen is hit by Oskar Lindblom and loses puck.
5:17 of 3rd period - Penalty to Artem Zub is over, Artem Zub is back on ice.
6:20 of 3rd period - Wrist shot by Brandon Hagel.
6:20 of 3rd period - Deflect By Daniel Audette.
6:20 of 3rd period - Stopped by Louis Domingue without a rebound.
6:21 of 3rd period - Axel Holmstrom wins face-off versus Radek Faksa in Punishers zone.
7:20 of 3rd period - Snap shot by Kevin Roy.
7:20 of 3rd period - Deflect By Carter Ashton.
7:20 of 3rd period - Stopped by Kaapo Kahkonen without a rebound.
7:21 of 3rd period - Radek Faksa wins face-off versus Christoffer Ehn in Crunch zone.
7:22 of 3rd period - Backhand shot by Oskar Lindblom.
7:22 of 3rd period - Stopped by Kaapo Kahkonen without a rebound.
7:23 of 3rd period - Radek Faksa wins face-off versus Christoffer Ehn in Crunch zone.
7:58 of 3rd period - Snap shot by Brandon Hagel.
7:58 of 3rd period - Shot Misses the Net.
8:00 of 3rd period - Wrist shot by Jeremy Bracco.
8:00 of 3rd period - Stopped by Louis Domingue with a rebound.
8:02 of 3rd period - Snap shot by Roland McKeown.
8:02 of 3rd period - Deflect By Tanner Jeannot.
8:02 of 3rd period - Stopped by Louis Domingue without a rebound.
8:03 of 3rd period - Radek Faksa wins face-off versus Christoffer Ehn in Punishers zone.
8:08 of 3rd period - Wrist shot by Corey Tropp.
8:08 of 3rd period - Deflect By Denis Gurianov.
8:08 of 3rd period - Shot Blocked by Denis Gurianov.
8:08 of 3rd period - Puck is out of play.
8:09 of 3rd period - Christoffer Ehn wins face-off versus Radek Faksa in Crunch zone.
9:21 of 3rd period - Slapshot by Artem Zub.
9:21 of 3rd period - Shot Blocked by Noah Hanifin.
9:26 of 3rd period - Icing by Joel Vermin.
9:27 of 3rd period - Jacob Josefson wins face-off versus Radek Faksa in Crunch zone.
9:58 of 3rd period - Slapshot by Anthony Cirelli.
9:58 of 3rd period - Shot Misses the Net.
10:00 of 3rd period - Wrist shot by Anthony Cirelli.
10:00 of 3rd period - Stopped by Louis Domingue with a rebound.
10:02 of 3rd period - Slapshot by Denis Gurianov.
10:02 of 3rd period - Shot Misses the Net.
10:24 of 3rd period - Wrist shot by Anatoli Golyshev.
10:24 of 3rd period - Shot Misses the Net.
10:26 of 3rd period - Wrist shot by Anatoli Golyshev.
10:26 of 3rd period - Stopped by Louis Domingue without a rebound.
10:27 of 3rd period - Radek Faksa wins face-off versus Christoffer Ehn in Punishers zone.
10:38 of 3rd period - Wrist shot by Corey Tropp.
10:38 of 3rd period - Stopped by Kaapo Kahkonen with a rebound.
10:40 of 3rd period - Slapshot by Noah Juulsen.
10:40 of 3rd period - Stopped by Kaapo Kahkonen without a rebound.
10:41 of 3rd period - Christoffer Ehn wins face-off versus Radek Faksa in Crunch zone.
10:41 of 3rd period - Christoffer Ehn is hit by Oskar Lindblom.
12:21 of 3rd period - Icing by Roland McKeown.
12:22 of 3rd period - Christoffer Ehn wins face-off versus Radek Faksa in Crunch zone.
12:27 of 3rd period - Snap shot by Corey Tropp.
12:27 of 3rd period - Stopped by Kaapo Kahkonen without a rebound.
12:28 of 3rd period - Radek Faksa wins face-off versus Christoffer Ehn in Crunch zone.
12:58 of 3rd period - Off-side.
12:59 of 3rd period - Kevin Roy wins face-off versus Jacob Josefson in neutral zone.
13:23 of 3rd period - Jeremy Lauzon is hit by Carter Ashton and loses puck.
13:51 of 3rd period - Sean Walker is hit by Phillip Danault and loses puck.
14:25 of 3rd period - Roland McKeown is hit by Carter Ashton and loses puck.
14:38 of 3rd period - Kevin Roy is hit by Teemu Hartikainen and loses puck.
14:52 of 3rd period - Joel Vermin is hit by Kevin Roy and loses puck.
15:01 of 3rd period - Wrist shot by Kevin Roy.
15:01 of 3rd period - Shot Misses the Net.
15:03 of 3rd period - Wrist shot by Phillip Danault.
15:03 of 3rd period - Shot Misses the Net.
15:05 of 3rd period - Snap shot by Phillip Danault.
15:05 of 3rd period - Shot Misses the Net.
15:07 of 3rd period - Wrist shot by Phillip Danault.
15:07 of 3rd period - Shot Misses the Net.
15:09 of 3rd period - Slapshot by Artem Zub.
15:09 of 3rd period - Shot Misses the Net.
15:11 of 3rd period - Wrist shot by Phillip Danault.
15:11 of 3rd period - Shot Hit the Post.
15:13 of 3rd period - Slapshot by Artem Zub.
15:13 of 3rd period - Deflect By Teemu Hartikainen.
15:13 of 3rd period - Stopped by Kaapo Kahkonen without a rebound.
15:14 of 3rd period - Radek Faksa wins face-off versus Axel Holmstrom in Crunch zone.
15:15 of 3rd period - Snap shot by Corey Tropp.
15:15 of 3rd period - Shot Misses the Net.
15:44 of 3rd period - Slapshot by Artem Zub.
15:44 of 3rd period - Shot Blocked by Roland McKeown.
15:52 of 3rd period - Roland McKeown is hit by John Quenneville.
16:08 of 3rd period - Slapshot by Rem Pitlick.
16:08 of 3rd period - Shot Misses the Net.
16:10 of 3rd period - Snap shot by Connor Bunnaman.
16:10 of 3rd period - Shot Blocked by Fredrik Claesson.
16:12 of 3rd period - Slapshot by Brendan Guhle.
16:12 of 3rd period - Stopped by Louis Domingue without a rebound.
16:13 of 3rd period - John Quenneville wins face-off versus Axel Holmstrom in Punishers zone.
16:13 of 3rd period - John Quenneville is hit by Jordan Oesterle.
16:28 of 3rd period - Off-side.
16:29 of 3rd period - Anthony Cirelli wins face-off versus Radek Faksa in neutral zone.
16:36 of 3rd period - Snap shot by Denis Gurianov.
16:36 of 3rd period - Stopped by Louis Domingue with a rebound.
16:38 of 3rd period - Slapshot by Noah Hanifin.
16:38 of 3rd period - Deflect By Corey Tropp.
16:38 of 3rd period - Stopped by Louis Domingue without a rebound.
16:39 of 3rd period - Radek Faksa wins face-off versus Christoffer Ehn in Punishers zone.
17:00 of 3rd period - Slapshot by Noah Juulsen.
17:00 of 3rd period - Stopped by Kaapo Kahkonen with a rebound.
17:24 of 3rd period - Backhand shot by Anthony Cirelli.
17:24 of 3rd period - Goal by Anthony Cirelli - Punishers : 3 - Crunch : 4.
17:25 of 3rd period - Kole Lind wins face-off versus Axel Holmstrom in neutral zone.
17:50 of 3rd period - Ben Betker is hit by Brendan Guhle and loses puck.
18:39 of 3rd period - Wrist shot by Anton Blidh.
18:39 of 3rd period - Shot Blocked by Teemu Hartikainen.
18:54 of 3rd period - Ben Betker is hit by Brandon Hagel and loses puck.
19:43 of 3rd period - Wrist shot by Denis Gurianov.
19:43 of 3rd period - Shot Misses the Net.
19:45 of 3rd period - Snap shot by Jordan Oesterle.
19:45 of 3rd period - Deflect By Oskar Lindblom.
19:45 of 3rd period - Goal by Jordan Oesterle - Punishers : 3 - Crunch : 5.
19:46 of 3rd period - Kole Lind wins face-off versus Joel Vermin in neutral zone.
Goals for this period are 0 for Punishers vs 4 for Crunch.
Shots for this period are 7 for Punishers vs 13 for Crunch.